 Dungeon Crawl Stone Soup version 0.18-a0-46-g45ca8e4 (webtiles) character file.

17 4thArraOfDagon the Cudgeler (level 2, 0/27 HPs)
             Began as an Ogre Arcane Marksman on Nov 6, 2015.
             Slain by a hobgoblin (3 damage)
             ... on level 1 of the Dungeon.
             The game lasted 00:02:17 (360 turns).

4thArraOfDagon the Cudgeler (Ogre Arcane Marksman)   Turns: 360, Time: 00:02:18

Health: 0/27       AC:  3    Str: 15    XL:     2   Next: 62%
Magic:  3/3        EV: 10    Int: 12    God:
Gold:   28         SH:  0    Dex:  9    Spells: 1 memorised, 2 levels left

rFire  . . .     SeeInvis .     f - -2 mace (curse)
rCold  . . .     Clarity  .     c - +0 robe
rNeg   . . .     SustAt   .     (no shield)
rPois  .         Gourm    .     (helmet restricted)
rElec  .         Spirit   .     (no cloak)
rCorr  .         Warding  .     (gloves unavailable)
rMut   .         Stasis   .     (boots unavailable)
MR     .....                    (no amulet)
Stlth  +.........               (no ring)
                                (no ring)

@: not resistant to hostile enchantments, very unstealthy
A: unfitting armour, tough skin 1
a: no special abilities


You were on level 1 of the Dungeon.
You were not hungry.

You visited 1 branch of the dungeon, and saw 1 of its levels.

You collected 28 gold pieces.

Inventory:

Hand Weapons
 a - a +0 whip
 f - a cursed -2 mace (weapon)
Missiles
 b - 14 stones (quivered)
Armour
 c - a +0 robe (worn)
Scrolls
 i - a scroll of remove curse {unknown}
 j - a scroll of teleportation
Books
 d - a book of Debilitation

   Spells                             Type                      Level
   a - Corona                         Hexes                        1
   b - Slow                           Hexes                        2
   c - Gell's Gravitas                Hexes/Translocation          3
   d - Inner Flame                    Hexes/Fire                   3
   e - Cause Fear                     Hexes                        4
   f - Leda's Liquefaction            Hexes/Earth                  4
Comestibles
 e - 2 bread rations


   Skills:
 - Level 1.3 Fighting
 * Level 3.0 Maces & Flails
 - Level 2.0 Throwing
 - Level 1.7 Dodging
 - Level 1.2 Spellcasting
 - Level 2.1 Hexes


You had 2 spell levels left.
You knew the following spells:

 Your Spells              Type           Power        Failure   Level  Hunger
a - Corona                Hex            #......      14%         1    ##.....


Dungeon Overview and Level Annotations

Branches:
Dungeon (1/15)

Altars:


Innate Abilities, Weirdness & Mutations

You are too large for most types of armour.
You have tough skin (AC +1).


Message History

You throw a stone. The stone closely misses the hobgoblin.
Throwing (i - inventory):
b - 17 stones (quivered)
Press: ? - help, Shift-Dir - straight line, f/p - hobgoblin
Aim: a hobgoblin (moderately wounded)
You throw a stone. The stone hits the hobgoblin.
The hobgoblin is severely wounded.
The hobgoblin throws a stone.
The stone hits you.
* * * LOW HITPOINT WARNING * * *
Throwing (i - inventory):
b - 16 stones (quivered)
Press: ? - help, Shift-Dir - straight line, f/p - hobgoblin
Aim: a hobgoblin (severely wounded)
You throw a stone. The stone closely misses the hobgoblin.
Throwing (i - inventory):
b - 15 stones (quivered)
Press: ? - help, Shift-Dir - straight line, f/p - hobgoblin
Aim: a hobgoblin (severely wounded)
You throw a stone.
The stone hits the hobgoblin but does no damage.
The hobgoblin is severely wounded.
The hobgoblin hits you.
You die...

####'### ..... #........
#......##....(.#####..###
#......##.....(....#...†.
#...)..##..........#..##.
#......##...(......#..##.
#......##..(.......#...#†
#......##.(............#.
#......##g.....###.......
#.......@(......†(.....(#
#......###########......#
######## #######......#
....g........#
.............#
......$.......
..............
###...........
#.?.........


You could see a hobgoblin.

Vanquished Creatures
  A giant gecko (D:1)
  A ball python (D:1)
  3 bats (D:1)
  A giant cockroach (D:1)
  2 hobgoblins (D:1)
  3 giant newts (D:1)
  A goblin (D:1)
  4 jackals (D:1)
  A rat (D:1)
17 creatures vanquished.

Notes
Turn   | Place    | Note
--------------------------------------------------------------
     0 | D:1      | 4thArraOfDagon the Ogre Arcane Marksman began the quest for the Orb.
     0 | D:1      | Reached XP level 1. HP: 19/19 MP: 2/2
     3 | D:1      | :)
    22 | D:1      | Reached skill level 1 in Maces & Flails
   116 | D:1      | Reached XP level 2. HP: 22/27 MP: 3/3
   300 | D:1      | HP: 1/27 [hobgoblin/club (3)]
   302 | D:1      | christ
   350 | D:1      | Reached skill level 3 in Maces & Flails
   360 | D:1      | Slain by a hobgoblin

Vault maps used:
D:1:      dpeg_arrival_houses_and_road

Action                   || total
-------------------------++-------
Melee: Mace              ||    80
Throw: Large rock        ||     8
       Stone             ||    11
       Javelin           ||     5
       Throwing net      ||     4
  Use: Scroll            ||     2
       Potion            ||     1
 Stab: Sleeping          ||     1
